General information
- name: BNet
- type: Ladder team game (AT/RT)
- host: Battle.net
- saver: nutsonyochin.DE
map: UpperKingdom
- players: 6
- length: 56:57
- speed: Fast
- version: 1.26 W3XP
- replay type:

» download(463 KB)
Players
team 1 (winner)
AlasPoorYorick (
teal | 118 APM | 6719 actions | 56:56)
7 Warden
3 Shadow Strike
3 Blink
1 Spirit of Vengeance
1 Pandaren Brewmaster
1 Breath of Fire
» actions
| Assign group hotkey | 6 | |
| Basic commands | 659 | |
| Build / train | 84 | |
| ESC pressed | 14 | |
| Enter build submenu | 40 | |
| Enter hero's abilities submenu | 9 | |
| Give item / drop item | 2 | |
| Remove unit from queue | 8 | |
| Right click | 3777 | |
| Select / deselect | 555 | |
| Select group hotkey | 1279 | |
| Use ability | 284 | |
6719 total
» units
» upgrades
| Ultravision | 1 | |
| Well Spring | 1 | |
| Nature's Blessing | 1 | |
3 total
» buildings
| Altar of Elders | 4 | |
| Moon Well | 26 | |
| Tree of Ages | 2 | |
| Hunter's Hall | 1 | |
| Ancient of Wonders | 1 | |
| Tree of Life | 8 | |
| Tree of Eternity | 1 | |
| Arcane Tower | 5 | |
48 total
» build order
00:11 Altar of Elders
00:53 Moon Well
01:48 Moon Well
05:49 Tree of Ages
05:55 Hunter's Hall
05:57 Moon Well
06:48 Ancient of Wonders
07:18 Tree of Life
09:19 Moon Well
09:21 Moon Well
09:32 Tree of Eternity
11:08 Moon Well
15:55 Altar of Elders
15:59 Moon Well
16:04 Moon Well
20:02 Tree of Life
22:39 Moon Well
23:38 Moon Well
24:43 Moon Well
25:51 Tree of Ages
27:10 Moon Well
27:32 Moon Well
27:34 Moon Well
27:34 Moon Well
29:35 Tree of Life
29:38 Tree of Life
31:36 Moon Well
31:37 Moon Well
32:54 Moon Well
32:56 Moon Well
32:59 Moon Well
35:56 Moon Well
35:58 Moon Well
36:32 Altar of Elders
36:35 Altar of Elders
37:56 Tree of Life
43:07 Tree of Life
45:41 Moon Well
50:39 Tree of Life
51:26 Arcane Tower
51:26 Arcane Tower
51:27 Arcane Tower
51:28 Arcane Tower
52:05 Moon Well
52:07 Moon Well
52:08 Moon Well
56:01 Tree of Life
» items
| Orb of Venom | 1 | |
| Orb of Lightning | 1 | |
| Healing Salve | 1 | |
| Staff of Sanctuary | 2 | |
| Ivory Tower | 5 | |
10 total
Birdeneering (
pink | 137 APM | 7816 actions | 56:56)
6 Archmage
3 Blizzard
2 Brilliance Aura
1 Mass Teleport
5 Blood Mage
3 Flame Strike
2 Siphon Mana
3 Mountain King
2 Storm Bolt
1 Bash
» actions
| Assign group hotkey | 524 | |
| Basic commands | 17 | |
| Build / train | 198 | |
| Enter build submenu | 205 | |
| Enter hero's abilities submenu | 14 | |
| Give item / drop item | 4 | |
| Right click | 3856 | |
| Select / deselect | 797 | |
| Select group hotkey | 1618 | |
| Use ability | 583 | |
7816 total
» units
» upgrades
| Masonry | 3 | |
| Magic Sentry | 1 | |
| Lumber Harvesting | 1 | |
5 total
» buildings
| Altar of Kings | 2 | |
| Farm | 5 | |
| Lumber Mill | 1 | |
| Scout Tower | 240 | |
| Arcane Tower | 8 | |
| Guard Tower | 88 | |
| Arcane Vault | 6 | |
| Keep | 1 | |
| Arcane Sanctum | 1 | |
| Castle | 1 | |
| Town Hall | 4 | |
357 total
» build order
00:03 Altar of Kings
00:05 Altar of Kings
00:18 Farm
00:34 Lumber Mill
00:45 Farm
01:34 Scout Tower
01:38 Scout Tower
01:41 Scout Tower
01:58 Scout Tower
02:01 Arcane Tower
02:05 Scout Tower
02:14 Scout Tower
02:19 Arcane Tower
02:22 Arcane Tower
02:22 Arcane Tower
02:30 Scout Tower
02:39 Guard Tower
02:53 Scout Tower
02:55 Scout Tower
02:56 Guard Tower
02:59 Guard Tower
03:01 Scout Tower
03:40 Guard Tower
03:41 Scout Tower
03:55 Guard Tower
03:56 Scout Tower
04:02 Guard Tower
04:05 Scout Tower
04:08 Scout Tower
04:17 Guard Tower
04:19 Scout Tower
04:21 Arcane Vault
04:25 Scout Tower
04:26 Arcane Vault
04:27 Guard Tower
04:41 Guard Tower
04:44 Scout Tower
04:46 Scout Tower
04:58 Guard Tower
05:04 Guard Tower
06:04 Scout Tower
06:05 Scout Tower
06:24 Keep
06:49 Scout Tower
06:51 Arcane Vault
06:55 Guard Tower
07:00 Scout Tower
07:02 Scout Tower
07:10 Scout Tower
07:11 Scout Tower
07:12 Scout Tower
07:13 Scout Tower
07:21 Guard Tower
07:24 Arcane Vault
07:25 Scout Tower
07:28 Scout Tower
07:30 Guard Tower
07:32 Scout Tower
07:33 Scout Tower
07:33 Scout Tower
07:34 Scout Tower
07:34 Scout Tower
07:35 Scout Tower
08:18 Scout Tower
08:18 Scout Tower
08:30 Guard Tower
08:47 Farm
08:51 Guard Tower
08:52 Scout Tower
09:03 Scout Tower
09:04 Scout Tower
09:13 Scout Tower
09:16 Guard Tower
09:17 Scout Tower
09:18 Scout Tower
09:21 Arcane Sanctum
09:22 Castle
09:24 Farm
09:36 Guard Tower
09:47 Scout Tower
09:48 Scout Tower
09:48 Scout Tower
09:49 Scout Tower
09:51 Scout Tower
09:52 Scout Tower
09:52 Scout Tower
09:53 Scout Tower
09:55 Scout Tower
09:56 Scout Tower
09:57 Scout Tower
10:03 Guard Tower
10:26 Scout Tower
10:27 Scout Tower
10:32 Scout Tower
10:33 Scout Tower
10:35 Guard Tower
10:36 Scout Tower
10:59 Scout Tower
11:02 Scout Tower
11:11 Guard Tower
11:12 Guard Tower
11:14 Scout Tower
11:22 Scout Tower
11:28 Scout Tower
11:43 Farm
11:50 Guard Tower
11:54 Scout Tower
11:55 Scout Tower
11:56 Guard Tower
11:58 Guard Tower
12:01 Scout Tower
12:02 Scout Tower
12:03 Guard Tower
12:04 Scout Tower
12:05 Scout Tower
12:07 Guard Tower
12:10 Scout Tower
12:10 Scout Tower
12:11 Scout Tower
12:25 Scout Tower
12:26 Scout Tower
12:26 Scout Tower
12:27 Guard Tower
12:30 Scout Tower
12:31 Scout Tower
12:31 Scout Tower
12:32 Scout Tower
12:49 Guard Tower
13:09 Scout Tower
13:11 Scout Tower
13:11 Scout Tower
13:12 Scout Tower
13:18 Scout Tower
13:19 Scout Tower
13:34 Scout Tower
13:48 Guard Tower
14:17 Guard Tower
14:24 Scout Tower
14:25 Scout Tower
14:30 Guard Tower
14:33 Scout Tower
14:36 Scout Tower
14:36 Scout Tower
14:41 Scout Tower
14:41 Scout Tower
14:54 Guard Tower
15:30 Scout Tower
15:31 Scout Tower
15:32 Scout Tower
15:34 Scout Tower
15:35 Scout Tower
15:36 Scout Tower
15:48 Guard Tower
15:57 Scout Tower
15:58 Scout Tower
16:03 Scout Tower
16:04 Scout Tower
16:05 Scout Tower
16:11 Scout Tower
16:11 Scout Tower
16:14 Scout Tower
16:14 Scout Tower
16:20 Scout Tower
16:22 Scout Tower
16:28 Guard Tower
16:33 Guard Tower
16:37 Scout Tower
16:38 Scout Tower
16:42 Scout Tower
16:43 Scout Tower
16:49 Guard Tower
16:52 Scout Tower
16:53 Scout Tower
16:56 Scout Tower
16:57 Scout Tower
17:04 Guard Tower
17:08 Scout Tower
17:09 Scout Tower
17:12 Guard Tower
17:17 Guard Tower
17:21 Scout Tower
17:21 Scout Tower
17:24 Guard Tower
17:29 Guard Tower
17:54 Guard Tower
18:03 Guard Tower
18:12 Guard Tower
18:14 Scout Tower
18:15 Scout Tower
18:20 Scout Tower
18:20 Scout Tower
18:22 Scout Tower
18:23 Scout Tower
18:24 Scout Tower
18:24 Scout Tower
18:29 Guard Tower
18:31 Scout Tower
18:32 Scout Tower
18:37 Scout Tower
18:38 Scout Tower
18:57 Guard Tower
19:11 Guard Tower
19:22 Scout Tower
19:26 Scout Tower
19:26 Scout Tower
19:44 Guard Tower
19:49 Scout Tower
19:49 Scout Tower
19:50 Scout Tower
20:52 Guard Tower
20:54 Scout Tower
20:55 Scout Tower
20:55 Scout Tower
21:12 Guard Tower
21:25 Guard Tower
22:52 Scout Tower
22:55 Scout Tower
22:56 Scout Tower
23:01 Scout Tower
23:06 Guard Tower
23:11 Scout Tower
23:13 Scout Tower
23:28 Guard Tower
23:31 Scout Tower
23:38 Guard Tower
23:45 Scout Tower
23:48 Scout Tower
23:49 Scout Tower
24:19 Town Hall
24:46 Guard Tower
24:48 Scout Tower
24:48 Scout Tower
25:04 Scout Tower
25:05 Scout Tower
25:09 Scout Tower
25:10 Scout Tower
25:22 Guard Tower
25:23 Scout Tower
25:24 Scout Tower
25:26 Scout Tower
25:40 Guard Tower
26:11 Guard Tower
26:30 Scout Tower
26:31 Scout Tower
26:33 Scout Tower
26:34 Scout Tower
26:54 Scout Tower
26:54 Scout Tower
27:03 Guard Tower
27:27 Guard Tower
28:30 Guard Tower
29:14 Scout Tower
29:18 Arcane Tower
29:20 Scout Tower
29:20 Scout Tower
29:25 Scout Tower
29:26 Scout Tower
29:27 Scout Tower
29:30 Guard Tower
29:31 Scout Tower
29:32 Scout Tower
29:32 Scout Tower
29:37 Scout Tower
29:40 Scout Tower
29:40 Scout Tower
30:27 Guard Tower
30:32 Guard Tower
30:34 Scout Tower
30:35 Scout Tower
30:35 Scout Tower
30:53 Guard Tower
30:59 Guard Tower
31:02 Scout Tower
31:04 Scout Tower
31:07 Guard Tower
31:08 Scout Tower
31:18 Scout Tower
31:19 Scout Tower
31:19 Scout Tower
31:20 Scout Tower
31:20 Scout Tower
31:21 Guard Tower
32:02 Guard Tower
32:26 Guard Tower
32:32 Scout Tower
32:37 Scout Tower
32:38 Scout Tower
32:39 Scout Tower
32:39 Scout Tower
32:40 Scout Tower
32:40 Scout Tower
33:22 Scout Tower
33:23 Scout Tower
33:24 Scout Tower
33:24 Scout Tower
33:44 Scout Tower
33:44 Scout Tower
33:48 Guard Tower
33:53 Scout Tower
33:54 Scout Tower
33:54 Scout Tower
33:55 Scout Tower
33:56 Scout Tower
33:56 Scout Tower
34:05 Scout Tower
34:06 Scout Tower
34:06 Scout Tower
34:07 Scout Tower
34:07 Scout Tower
34:08 Scout Tower
34:09 Guard Tower
34:11 Arcane Vault
34:15 Scout Tower
34:15 Scout Tower
34:18 Arcane Vault
34:19 Scout Tower
34:20 Scout Tower
34:20 Scout Tower
34:21 Scout Tower
34:21 Scout Tower
34:22 Scout Tower
34:24 Guard Tower
34:40 Guard Tower
34:46 Guard Tower
34:48 Scout Tower
34:49 Scout Tower
34:50 Scout Tower
34:50 Scout Tower
34:52 Scout Tower
34:52 Scout Tower
35:36 Guard Tower
35:44 Guard Tower
35:46 Guard Tower
35:49 Scout Tower
35:50 Scout Tower
35:52 Guard Tower
35:57 Scout Tower
35:58 Scout Tower
36:09 Guard Tower
36:09 Guard Tower
36:23 Guard Tower
36:50 Guard Tower
37:46 Guard Tower
37:51 Guard Tower
37:57 Town Hall
38:04 Scout Tower
38:04 Scout Tower
38:05 Scout Tower
38:06 Scout Tower
38:06 Scout Tower
38:45 Arcane Tower
39:23 Guard Tower
40:23 Arcane Tower
40:48 Arcane Tower
44:03 Town Hall
47:13 Town Hall
» items
| Scroll of Regeneration | 3 | |
| Scroll of Town Portal | 5 | |
| Staff of Sanctuary | 3 | |
| Potion of Healing | 4 | |
| Lesser Clarity Potion | 1 | |
| Potion of Mana | 1 | |
| Orb of Lightning | 3 | |
| Healing Salve | 1 | |
21 total
nutsonyochin.DE (
purple | 117 APM | 6645 actions | 56:57)
9 Blademaster
3 Wind Walk
3 Critical Strike
1 Bladestorm
2 Mirror Image
» actions
| Assign group hotkey | 36 | |
| Basic commands | 40 | |
| Build / train | 104 | |
| ESC pressed | 10 | |
| Enter build submenu | 92 | |
| Enter hero's abilities submenu | 9 | |
| Give item / drop item | 3 | |
| Right click | 4237 | |
| Select / deselect | 443 | |
| Select group hotkey | 1291 | |
| Use ability | 380 | |
6645 total
» units
» upgrades
| Spiked Barricades | 1 | |
| Backpack | 1 | |
| Liquid Fire | 1 | |
| Ranged Weapons | 4 | |
| Reinforced Defenses | 1 | |
| Armor | 2 | |
10 total
» buildings
| Altar of Storms | 1 | |
| Orc Burrow | 5 | |
| War Mill | 1 | |
| Watch Tower | 71 | |
| Voodoo Lounge | 5 | |
| Stronghold | 1 | |
| Beastiary | 2 | |
| Fortress | 1 | |
| Great Hall | 2 | |
89 total
» build order
00:04 Altar of Storms
00:07 Orc Burrow
00:23 War Mill
01:35 Watch Tower
01:44 Voodoo Lounge
02:08 Watch Tower
02:38 Watch Tower
03:19 Watch Tower
03:24 Watch Tower
03:40 Watch Tower
03:43 Watch Tower
04:08 Watch Tower
04:42 Watch Tower
04:44 Watch Tower
04:55 Orc Burrow
06:15 Orc Burrow
06:18 Watch Tower
06:31 Watch Tower
06:39 Stronghold
07:11 Watch Tower
07:11 Watch Tower
07:20 Watch Tower
07:22 Watch Tower
07:27 Watch Tower
08:29 Watch Tower
08:35 Watch Tower
08:36 Watch Tower
08:39 Watch Tower
09:03 Beastiary
09:05 Beastiary
09:34 Watch Tower
09:42 Watch Tower
10:04 Watch Tower
10:15 Fortress
11:05 Voodoo Lounge
11:07 Voodoo Lounge
11:11 Voodoo Lounge
11:24 Great Hall
11:26 Watch Tower
11:27 Watch Tower
11:55 Watch Tower
12:01 Watch Tower
12:18 Orc Burrow
12:50 Watch Tower
12:52 Watch Tower
12:59 Orc Burrow
13:02 Watch Tower
13:23 Watch Tower
13:24 Watch Tower
13:54 Watch Tower
15:22 Watch Tower
15:41 Watch Tower
16:32 Watch Tower
16:38 Watch Tower
17:38 Watch Tower
17:53 Watch Tower
18:47 Watch Tower
18:48 Watch Tower
18:56 Watch Tower
19:32 Watch Tower
19:34 Watch Tower
20:09 Watch Tower
20:52 Watch Tower
20:52 Watch Tower
21:26 Watch Tower
21:58 Watch Tower
21:58 Watch Tower
23:50 Watch Tower
25:03 Watch Tower
27:04 Watch Tower
28:43 Great Hall
29:29 Watch Tower
29:30 Watch Tower
29:33 Watch Tower
29:34 Watch Tower
31:04 Watch Tower
32:38 Watch Tower
32:39 Watch Tower
33:04 Watch Tower
34:10 Watch Tower
34:10 Watch Tower
35:12 Watch Tower
35:17 Watch Tower
35:18 Watch Tower
36:25 Voodoo Lounge
36:28 Watch Tower
37:47 Watch Tower
37:48 Watch Tower
39:55 Watch Tower
» items
| Lesser Clarity Potion | 9 | |
| Healing Salve | 3 | |
| Orb of Lightning | 1 | |
| Potion of Healing | 2 | |
| Scroll of Town Portal | 1 | |
16 total
team 2 (loser)
Gorghor-Bey (
green | 70 APM | 3981 actions | 56:49)
5 Death Knight
3 Death Coil
2 Unholy Aura
5 Lich
3 Frost Nova
2 Frost Armor
» actions
| Assign group hotkey | 80 | |
| Basic commands | 405 | |
| Build / train | 126 | |
| Enter build submenu | 26 | |
| Enter hero's abilities submenu | 11 | |
| Give item / drop item | 3 | |
| Remove unit from queue | 6 | |
| Right click | 1832 | |
| Select / deselect | 528 | |
| Select group hotkey | 797 | |
| Use ability | 166 | |
3981 total
» units
| Acolyte | 27 | |
| Ghoul | 3 | |
| Crypt Fiend | 27 | |
| Obsidian Statue | 6 | |
| Meatwagon | 6 | |
| Frost Wyrm | 3 | |
72 total
» upgrades
| Creature Attack | 2 | |
| Burrow | 1 | |
| Web | 1 | |
| Destroyer Form | 1 | |
| Creature Carapace | 1 | |
| Disease Cloud | 1 | |
| Freezing Breath | 1 | |
8 total
» buildings
| Crypt | 1 | |
| Graveyard | 1 | |
| Altar of Darkness | 1 | |
| Ziggurat | 10 | |
| Tomb of Relics | 1 | |
| Nerubian Tower | 3 | |
| Halls of the Dead | 1 | |
| Slaughterhouse | 2 | |
| Black Citadel | 1 | |
| Necropolis | 2 | |
| Spirit Tower | 1 | |
| Sacrificial Pit | 1 | |
| Boneyard | 1 | |
26 total
» build order
00:19 Crypt
00:28 Graveyard
00:39 Altar of Darkness
00:55 Ziggurat
01:21 Tomb of Relics
02:07 Ziggurat
02:23 Nerubian Tower
04:54 Halls of the Dead
04:57 Ziggurat
05:50 Ziggurat
07:16 Slaughterhouse
11:30 Black Citadel
12:06 Ziggurat
12:09 Ziggurat
13:37 Ziggurat
16:28 Necropolis
16:31 Ziggurat
17:55 Nerubian Tower
17:56 Spirit Tower
18:12 Sacrificial Pit
18:23 Slaughterhouse
20:39 Boneyard
28:27 Necropolis
32:51 Ziggurat
33:27 Ziggurat
46:35 Nerubian Tower
» items
| Rod of Necromancy | 2 | |
| Sacrificial Skull | 1 | |
| Healing Salve | 1 | |
| Orb of Corruption | 2 | |
| Scroll of Town Portal | 9 | |
| Scroll of Regeneration | 1 | |
| Potion of Healing | 2 | |
| Scroll of Healing | 1 | |
| Dust of Appearance | 1 | |
| Potion of Mana | 1 | |
| Scroll of Speed | 1 | |
22 total
IKEisNoob19 (
orange | 90 APM | 5130 actions | 56:41)
4 Blademaster
3 Wind Walk
1 Critical Strike
4 Shadow Hunter
1 Hex
3 Healing Wave
» actions
| Assign group hotkey | 79 | |
| Basic commands | 28 | |
| Build / train | 131 | |
| Enter build submenu | 37 | |
| Enter hero's abilities submenu | 8 | |
| Remove unit from queue | 7 | |
| Right click | 2572 | |
| Select / deselect | 685 | |
| Select group hotkey | 1373 | |
| Use ability | 209 | |
5130 total
» units
| Peon | 24 | |
| Grunt | 11 | |
| Demolisher | 8 | |
| Raider | 13 | |
| Troll Witch Doctor | 11 | |
| Shaman | 2 | |
| Spirit Walker | 1 | |
| Troll Batrider | 9 | |
79 total
» upgrades
| Armor | 1 | |
| Melee Weapons | 1 | |
| Berserker Strength | 1 | |
| Ensnare | 1 | |
| Spiked Barricades | 1 | |
| Shaman Training | 0 | |
| Pillage | 1 | |
| Reinforced Defenses | 1 | |
| Burning Oil | 1 | |
| Spirit Walker Training | 1 | |
| Witch Doctor Training | 2 | |
11 total
» buildings
| Altar of Storms | 1 | |
| Orc Burrow | 10 | |
| Barracks | 1 | |
| Voodoo Lounge | 3 | |
| War Mill | 1 | |
| Stronghold | 1 | |
| Beastiary | 2 | |
| Spirit Lodge | 3 | |
| Fortress | 1 | |
| Great Hall | 2 | |
| Watch Tower | 13 | |
38 total
» build order
00:14 Altar of Storms
00:19 Orc Burrow
00:38 Barracks
01:33 Orc Burrow
01:55 Voodoo Lounge
02:41 War Mill
04:06 Stronghold
04:17 Orc Burrow
06:48 Beastiary
07:16 Spirit Lodge
07:55 Orc Burrow
07:57 Orc Burrow
12:07 Fortress
12:56 Great Hall
13:10 Voodoo Lounge
19:20 Watch Tower
19:21 Watch Tower
20:17 Orc Burrow
30:36 Watch Tower
30:36 Watch Tower
30:37 Watch Tower
30:39 Watch Tower
30:40 Watch Tower
30:40 Watch Tower
35:27 Orc Burrow
36:41 Great Hall
37:52 Watch Tower
37:54 Watch Tower
37:55 Watch Tower
37:58 Watch Tower
38:04 Orc Burrow
39:45 Watch Tower
45:03 Beastiary
48:27 Spirit Lodge
48:30 Spirit Lodge
52:46 Voodoo Lounge
52:51 Orc Burrow
52:55 Orc Burrow
» items
| Healing Salve | 4 | |
| Lesser Clarity Potion | 5 | |
| Scroll of Speed | 2 | |
| Potion of Healing | 3 | |
| Scroll of Town Portal | 1 | |
| Orb of Lightning | 4 | |
| Potion of Mana | 1 | |
| Tiny Great Hall | 1 | |
21 total
nedimou (
blue | 50 APM | 2873 actions | 56:56)
6 Mountain King
3 Storm Bolt
2 Bash
1 Avatar
4 Paladin
2 Holy Light
2 Divine Shield
1 Blood Mage
1 Banish
1 Blademaster
1 Critical Strike
1 Shadow Hunter
1 Hex
» actions
| Assign group hotkey | 24 | |
| Basic commands | 4 | |
| Build / train | 126 | |
| ESC pressed | 7 | |
| Enter build submenu | 33 | |
| Enter hero's abilities submenu | 14 | |
| Give item / drop item | 2 | |
| Right click | 1121 | |
| Select / deselect | 787 | |
| Select group hotkey | 554 | |
| Use ability | 201 | |
2873 total
» units
| Peasant | 32 | |
| Footman | 7 | |
| Dragonhawk Rider | 27 | |
| Siege Engine | 7 | |
| Flying Machine | 1 | |
| Mortar Team | 12 | |
86 total
» upgrades
| Lumber Harvesting | 2 | |
| Cloud | 1 | |
| Gunpowder | 2 | |
| Barrage | 1 | |
| Plating | 2 | |
| Masonry | 1 | |
9 total
» buildings
| Altar of Kings | 1 | |
| Barracks | 1 | |
| Farm | 12 | |
| Scout Tower | 8 | |
| Arcane Tower | 1 | |
| Arcane Vault | 1 | |
| Keep | 3 | |
| Lumber Mill | 1 | |
| Castle | 2 | |
| Gryphon Aviary | 3 | |
| Blacksmith | 2 | |
| Workshop | 6 | |
| Town Hall | 1 | |
| Guard Tower | 4 | |
46 total
» build order
00:35 Altar of Kings
00:37 Barracks
00:43 Farm
00:46 Farm
01:47 Farm
02:02 Scout Tower
02:22 Farm
02:30 Arcane Tower
02:38 Arcane Vault
04:19 Keep
04:20 Keep
04:49 Farm
06:02 Farm
07:06 Lumber Mill
07:08 Castle
07:53 Farm
07:55 Farm
08:48 Gryphon Aviary
08:50 Gryphon Aviary
09:11 Gryphon Aviary
10:56 Farm
18:16 Farm
18:17 Farm
18:19 Farm
18:21 Blacksmith
20:12 Workshop
20:14 Workshop
20:15 Workshop
20:22 Workshop
20:57 Workshop
22:46 Workshop
23:58 Town Hall
24:03 Blacksmith
25:56 Scout Tower
25:56 Scout Tower
25:58 Scout Tower
25:59 Scout Tower
26:00 Scout Tower
26:01 Scout Tower
26:03 Scout Tower
26:34 Guard Tower
26:36 Guard Tower
27:09 Guard Tower
28:30 Guard Tower
» items
| Scroll of Regeneration | 2 | |
| Lesser Clarity Potion | 1 | |
| Potion of Mana | 1 | |
| Scroll of Speed | 1 | |
5 total
Chat log
(00:12 / All) Birdeneering: bad manner
(00:12 / All) Birdeneering: WOW
(00:28 / All) IKEisNoob19: ask before plz
(00:34 / All) nutsonyochin.DE: sry my keyboard no work
(00:40 / All) Birdeneering: ask before unpause maybe? horrible manner
(00:41 / All) Birdeneering: u will pay...
(00:46 / All) IKEisNoob19: y
(01:09 / All) Birdeneering: if u have no manner, we throw the spanner
(01:16 / All) Birdeneering: into their works
(01:24 / All) nedimou: play plz
(01:29 / All) Birdeneering: ???
(01:29 / All) nutsonyochin.DE: shush up and play blue
(01:32 / All) Birdeneering: you dare command me?
(01:36 / All) nedimou: fucking sucker
(01:49 / All) nutsonyochin.DE: omg...stop being so pignorant
(01:53 / All) nedimou: so let me paly
(01:55 / All) nutsonyochin.DE: pignoramus.............
(02:00 / All) Birdeneering: let us pause??
(02:05 / All) IKEisNoob19: y
(03:35 / All) nedimou: gg mh
(03:44 / All) Birdeneering: maybe people scout
(03:50 / All) Birdeneering: nope you don't know about that
(03:51 / All) Birdeneering: no manner
(27:53 / All) Birdeneering: woww
(28:26 / All) Birdeneering: bad attack boyz
(40:06 / All) Birdeneering: why didn't u just let us pause
(48:15 / All) nedimou: GG
(48:17 / All) nedimou: MH
(48:17 / All) nutsonyochin.DE: GG
(48:19 / All) Birdeneering: bg noobs
(48:20 / All) nutsonyochin.DE: retards
(48:21 / All) AlasPoorYorick: you bad
(48:27 / All) nedimou: FUCKING DUCK
(48:34 / All) Birdeneering: maybe you should have let us pause???
(48:38 / All) Birdeneering: we would have played standard...
(49:04 / All) nedimou: suck come middle fuck with me
(56:40 / All) IKEisNoob19: gg no time..............
(56:43 / All) Birdeneering: u suck
(56:51 / All) nutsonyochin.DE: GG
(56:52 / All) Birdeneering: gg no skill